 Dungeon Crawl Stone Soup version 0.31-a0-233-g139696dc86 (webtiles) character file.

Game seed: 4842340221945671962

1725 nono the Trooper (level 9, -6/74 HPs)
             Began as a Formicid Delver on July 8, 2023.
             Mangled by a gargoyle
             ... wielding a +0 morningstar
              (21 damage)
             ... on level 6 of the Dungeon.
             The game lasted 00:09:42 (5024 turns).

nono the Trooper (Formicid Delver)                  Turns: 5024, Time: 00:09:43

Health: -6/74      AC: 11    Str: 21    XL:     9   Next: 25%
Magic:  9/9        EV: 15    Int: 10    God:
Gold:   171        SH:  0    Dex: 15    Spells: 8/8 levels left

rFire   . . .        g - +0 war axe
rCold   + . .        (no shield)
rNeg    . . .        d - +0 ice dragon scales
rPois   .            (helmet unavailable)
rElec   .            (no cloak)
rCorr   .            (no gloves)
SInv    +            (no boots)
Will    .....        (no amulet)
Stlth   ++           i - ring of fire
HPRegen 0.32/turn    p - +5 ring of evasion
MPRegen 0.11/turn

%: no passive effects
@: mighty
A: permanent stasis, dig shafts and tunnels, antennae 3, four strong arms
a: Dig, Shaft Self


You were on level 6 of the Dungeon.
You visited 1 branch of the dungeon, and saw 6 of its levels.

You collected 171 gold pieces.

Inventory:

Hand Weapons
 a - a +0 hand axe
 g - a +0 war axe (weapon)
 s - a +2 dagger of venom
Missiles
 z - 4 silver boomerangs
Armour
 b - a +0 leather armour
 d - +0 ice dragon scales (worn)
Jewellery
 i - a ring of fire (left hand)
 p - a +5 ring of evasion (right hand)
 w - a +4 ring of protection
 y - an amulet of the acrobat
 A - a +4 ring of protection
Wands
 f - a wand of digging (3)
Scrolls
 c - 2 scrolls of fog
 e - a scroll of fear
 k - 2 scrolls of teleportation {unknown}
 m - 4 scrolls of enchant weapon {unknown}
 o - a scroll of revelation
 q - a scroll of enchant armour {unknown}
 t - a scroll of vulnerability {unknown}
 v - a scroll of amnesia {unknown}
 x - 3 scrolls of identify {unknown}
Potions
 h - 3 potions of attraction {unknown}
 j - 4 potions of curing {unknown}
 l - 4 potions of enlightenment {unknown}
 n - 4 potions of heal wounds {unknown}
 r - 2 potions of might
 u - 2 potions of haste {unknown}


   Skills:
 + Level 7.9 Fighting
 + Level 6.7 Axes
 + Level 6.9 Armour
 - Level 1.8 Dodging
 - Level 6.0 Stealth


You had 8 spell levels left.
You didn't know any spells.
Your spell library contained the following spells:

 Spells                   Type           Power      Damage    Failure   Level
 Magic Dart               Conj           0%         1d3       75%         1
 Sandblast                Erth           0%         2d4       75%         1
 Call Imp                 Summ           0%         N/A       86%         2
 Lesser Beckoning         Tloc           0%         N/A       86%         2
 Passwall                 Tmut/Erth      0%         N/A       86%         2
 Call Canine Familiar     Summ           0%         N/A       98%         3
 Dazzling Flash           Conj/Hex       0%         N/A       98%         3
 Gell's Gravitas          Tloc           0%         N/A       98%         3
 Mephitic Cloud           Conj/Pois/Air  0%         N/A       98%         3
 Portal Projectile        Hex/Tloc       0%         N/A       98%         3
 Stone Arrow              Conj/Erth      0%         3d7       98%         3
 Teleport Other           Tloc           0%         N/A       98%         3
 Volatile Blastmotes      Fire/Tloc      0%         2d10      98%         3
 Iskenderun's Mystic Bla  Conj/Tloc      0%         2d3       100%        4
 Leda's Liquefaction      Hex/Erth       0%         N/A       100%        4
 Alistair's Intoxication  Tmut/Pois      0%         N/A       100%        5
 Borgnjor's Vile Clutch   Necr/Erth      0%         N/A       100%        5
 Eringya's Noxious Bog    Tmut/Pois      0%         4d6       100%        6
 Starburst                Conj/Fire      0%         6d3       100%        6


Dungeon Overview and Level Annotations

Branches:
Dungeon (6/15)
 Temple: D:4-7

Altars:
Makhleb

Annotations:
D:6 4 runed translucent doors


Innate Abilities, Weirdness & Mutations

You cannot be hasted, slowed, berserked, paralysed or teleported.
You can dig through walls and to a lower floor.
You have a pair of large antennae on your head. (SInv)
Your four strong arms can wield two-handed weapons with a shield.


Message History

You closely miss the orc. The orc barely misses you.
You closely miss the orc. The orc barely misses you.
You slash the orc!
You kill the orc!
No target in view!
No target in view!
You pick up Great Wizards, Vol.
II and begin reading...
You add the spells Alistair's Intoxication, Borgnjor's Vile Clutch and Eringya's Noxious Bog to your library.
A gargoyle comes into view. It is wielding a +0 morningstar.
Your +2 dagger of venom begins to drip with poison!
s - a +2 dagger of venom (weapon)
Found a twisted staff.
Okay, then.
You barely miss the gargoyle. The gargoyle closely misses you.
You hit the gargoyle but do no damage.
The gargoyle hits you with a +0 morningstar!
You hit the gargoyle but do no damage.
The gargoyle hits you with a +0 morningstar!
Your +2 dagger of venom stops dripping with poison.
g - a +0 war axe (weapon)
The gargoyle hits you with a +0 morningstar!
You completely miss the gargoyle.
The gargoyle hurls a stone arrow at you.
The stone arrow hits you!!
* * * LOW HITPOINT WARNING * * *
You are too injured to fight recklessly!
You feel very mighty all of a sudden.
The gargoyle hurls a stone arrow at you.
The stone arrow misses you.
You hit the gargoyle.
The gargoyle is lightly damaged.
The gargoyle hits you with a +0 morningstar!
* * * LOW HITPOINT WARNING * * *
You barely miss the gargoyle.
The gargoyle is lightly damaged.
The gargoyle hits you but does no damage.
You barely miss the gargoyle.
The gargoyle is lightly damaged.
The gargoyle hits you with a +0 morningstar!!
You die...

##.# #####. #.......# .#.# #....
#.####.## .#.# #..# #.# #.#
...#####..####### #.# #.#
#..#...........<#####.####.######
#..#..................#..........
#.....)######..######..###.######
#.>...##....####....##.)##.......
###...#.#.##[##.@###.#..#........
###...#†#..####9##.#.#..#..###...
......#.###..##.#.##.#...).# #)##
###...#.#.##)##|##.#.#.##.## #.#
#.#.##†#.######)..##.##.# #.#
#.#..###'# #'###..##.# #.#
###.##.....######.....#...####.#
....#####.##8?:8##.#....#......#
###.# #.#8....8#.#.###########


You could see a gargoyle.

Vanquished Creatures
  A wraith (D:6)
  Pargi (D:3)
  A black bear (D:6)
  An ice beast (D:6)
  An ogre (D:5)
  2 centaurs
  A phantom (D:5)
  4 scorpions (D:5)
  A howler monkey (D:5)
  2 gnoll boudas
  2 jellies (D:4)
  A sleepcap (D:6)
  3 hounds
  An orc priest (D:4)
  3 iguanas
  Natasha (twice) (D:2)
  17 gnolls
  3 adders
  A white imp (D:5)
  An ufetubus (D:5)
  3 dart slugs
  16 orcs
  4 endoplasms
  4 giant cockroaches
  20 goblins
  8 hobgoblins
  3 jackals
  5 quokkas
  4 ball pythons
  8 bats
  4 frilled lizards
  3 kobolds
  9 rats
140 creatures vanquished.

Notes
Turn   | Place    | Note
-------+----------+-------------------------------------------
     0 | D:5      | nono the Formicid Delver began the quest for the Orb.
     0 | D:5      | Reached XP level 1. HP: 18/18 MP: 1/1
   159 | D:3      | Reached XP level 2. HP: 24/24 MP: 2/2
   469 | D:1      | Reached skill level 1 in Armour
   529 | D:1      | Reached XP level 3. HP: 30/30 MP: 3/3
   754 | D:1      | Reached skill level 4 in Fighting
   899 | D:2      | Noticed Natasha
   908 | D:2      | Killed Natasha
   909 | D:2      | Reached XP level 4. HP: 37/37 MP: 4/4
  1273 | D:1      | Reached XP level 5. HP: 9/43 MP: 5/5
  1615 | D:2      | Noticed Natasha
  1628 | D:2      | Killed Natasha
  2333 | D:3      | Reached XP level 6. HP: 39/50 MP: 6/6
  2403 | D:3      | Noticed Pargi
  2411 | D:3      | Killed Pargi
  2412 | D:3      | Reached skill level 5 in Fighting
  2774 | D:4      | Reached XP level 7. HP: 56/56 MP: 7/7
  3239 | D:4      | Found a burning altar of Makhleb.
  3579 | D:5      | Reached skill level 6 in Fighting
  3742 | D:5      | Reached skill level 5 in Axes
  3742 | D:5      | Reached XP level 8. HP: 47/64 MP: 8/8
  3839 | D:5      | Reached skill level 5 in Armour
  4209 | D:5      | Reached skill level 7 in Fighting
  4714 | D:6      | Reached XP level 9. HP: 57/72 MP: 9/9
  4760 | D:6      | Found a large runed translucent door.
  4762 | D:6      | Found a large runed translucent door.
  4762 | D:6      | Noticed a two-headed ogre
  4898 | D:6      | Found a large runed translucent door.
  4898 | D:6      | Found a large runed translucent door.
  5013 | D:6      | Noticed a gargoyle
  5024 | D:6      | Mangled by a gargoyle

Illustrated notes

Levels and vault maps discovered:
D:1:      dpeg_arrival_subterranean_lakeside_camping, layout_basic,
          minmay_misc_feat_rugged
D:2:      layout_basic, uniq_natasha
D:3:      layout_rooms, nicolae_underground_beach, uniq_pargi
D:4:      layout_loops_ring, lemuel_tele_altar, minmay_misc_feat_ornament,
          minmay_fountain_box, minmay_quadrilaterals
D:5:      layout_loops_cross, minmay_ogre_servants
D:6:      layout_basic, mainiacjoe_overflow_alcove_1, led_xom_imps,
          minmay_temple_entry_statues_pillars, minmay_hollow_rounded_squares

Skill      XL: |  1  2  3  4  5  6  7  8 |
---------------+-------------------------+-----
Armour         | 1 2 3 4 6 |  6.9
Fighting       | 4 5 6 7 |  7.9
Axes           | 3 4 5 6 |  6.7
Dodging        | |  1.8
Stealth        | |  6.0

Action                     |  1- 3 |  4- 6 |  7- 9 || total
---------------------------+-------+-------+-------++-------
  Melee: War axe           |    80 |   106 |   212 ||   398
         Hand axe          |     2 |       |       ||     2
         Punch             |     2 |     2 |     1 ||     5
         Dagger            |       |       |    12 ||    12
    Use: Scroll            |     1 |       |       ||     1
         Potion            |       |     1 |     1 ||     2
   Stab: Sleeping          |     4 |     1 |     1 ||     6
 Armour: Ice dragon scales |    50 |    39 |    70 ||   159
  Dodge: Dodged            |    46 |    91 |   213 ||   350

Table legend: (Time is in decaauts)
 A = Elapsed time spent in this place.
 B = Non-inter-level travel time spent in this place.
 C = Inter-level travel time spent in this place.
 D = Time resting spent in this place.
 E = Time spent auto-exploring this place.
 F = Levels seen in this place.
 G = Mean time per level.
                   A        B        C        D        E       F      G
               +--------+--------+--------+--------+--------+-----+--------+
         Total |   5136 |   4933 |    203 |    328 |   3342 |   6 |  856.0 |
       Dungeon |   5136 |   4933 |    203 |    328 |   3342 |   6 |  856.0 |
               +--------+--------+--------+--------+--------+-----+--------+

Top non-repeatable levels by time:
     D:5: 1155 daAuts
     D:4: 1061 daAuts
     D:2: 965 daAuts
     D:1: 944 daAuts
     D:3: 633 daAuts
     D:6: 377 daAuts
